[Event "FIDE Open Sachove Univerzity QCC"]
[Site "Ceske Budejovice"]
[Date "2020.07.07"]
[Round "7.24"]
[White "Havelkova, Beata"]
[Black "Strapec, Lukas"]
[Result "1/2-1/2"]
[ECO "C40"]
[WhiteElo "1394"]
[BlackElo "1487"]
[Annotator "NA"]
[PlyCount "94"]
[EventDate "2020.07.01"]
[EventType "swiss"]
[EventCountry "CZE"]
[SourceTitle "playchess.com"]
[Source "ChessBase"]
[SourceQuality "1"]
[TimeControl "40/5400+30:1800+30"]

1. e4 e5 2. Nf3 c6 3. Nxe5 Nf6 4. d3 Qa5+ 5. Nc3 Qxe5 6. f4 Qe7 7. Be2 d5 8. e5 Nfd7 9. O-O Nb6 10. d4 g6 11. g4 c5 12. a4 cxd4 13. Nb5 Qd8 14. Nxd4 Bc5 15. c3 Nc6 16. a5 Nc4 17. b4 Bxd4+ 18. cxd4 Nxb4 19. Qa4+ Nc6 20. Bxc4 dxc4 21. Rd1 Qd5 22. h3 O-O 23. Ba3 Re8 24. Bc5 Bd7 25. Qc2 Ne7 26. Rab1 h5 27. Qe2 hxg4 28. hxg4 Bc6 29. Qh2 Kg7 30. Bxe7 Rxe7 31. Kf2 Qf3+ 32. Ke1 Qe3+ 33. Qe2 Qxe2+ 34. Kxe2 Bd5 35. Rb5 Rd7 36. f5 gxf5 37. gxf5 Kh7 38. Rg1 Rg8 39. e6 Rdd8 40. Rxg8 Kxg8 41. Rxd5 Re8 42. Re5 fxe6 43. fxe6 Kg7 44. d5 Kf6 45. Re3 b5 46. axb6 axb6 47. Kd2 Ke7 1/2-1/2

[Event "FIDE Open Sachove Univerzity QCC"]
[Site "Ceske Budejovice"]
[Date "2020.07.07"]
[Round "7.25"]
[White "Roubal, Matyas"]
[Black "Karweit, Alex W"]
[Result "1-0"]
[ECO "B53"]
[WhiteElo "1443"]
[BlackElo "1579"]
[Annotator "NA"]
[PlyCount "68"]
[EventDate "2020.07.01"]
[EventType "swiss"]
[EventCountry "CZE"]
[SourceTitle "playchess.com"]
[Source "ChessBase"]
[SourceQuality "1"]
[TimeControl "40/5400+30:1800+30"]

1. e4 c5 2. Nf3 d6 3. d4 cxd4 4. Qxd4 Nc6 5. Bb5 Bd7 6. Bxc6 Bxc6 7. Nc3 Nf6 8. Bg5 Qb6 9. Bxf6 gxf6 10. Qxb6 axb6 11. O-O-O Rg8 12. g3 f5 13. Rhe1 Bg7 14. Nd4 fxe4 15. Nxe4 Bxe4 16. Rxe4 d5 17. Re3 Rxa2 18. Kb1 Bxd4 19. Rxd4 Ra5 20. Rb3 Rg6 21. Rdb4 Re6 22. Re3 Rf6 23. f4 Rc6 24. Re5 Kd7 25. Rd4 Rd6 26. Rf5 Kc6 27. Rxf7 Re6 28. Rd1 Re2 29. Rxh7 d4 30. b3 Rc5 31. Rc1 Kb5 32. Rh8 Rc3 33. Rh5+ Kb4 34. Kb2 Rf2 1-0

[Event "FIDE Open Sachove Univerzity QCC"]
[Site "Ceske Budejovice"]
[Date "2020.07.07"]
[Round "7.26"]
[White "Huemer, Gerald"]
[Black "Bastyr, Pavel"]
[Result "1-0"]
[ECO "D02"]
[WhiteElo "1721"]
[BlackElo "1439"]
[Annotator "NA"]
[PlyCount "101"]
[EventDate "2020.07.01"]
[EventType "swiss"]
[EventCountry "CZE"]
[SourceTitle "playchess.com"]
[Source "ChessBase"]
[SourceQuality "1"]
[TimeControl "40/5400+30:1800+30"]

1. d4 Nf6 2. Bf4 d5 3. e3 e6 4. Nf3 c5 5. c3 Bd7 6. Nbd2 Be7 7. Bd3 O-O 8. Ne5 c4 9. Bc2 b5 10. a3 a6 11. Ndf3 Nc6 12. h4 Nh5 13. Nxc6 Bxc6 14. Ne5 Nxf4 15. Nxc6 Nxg2+ 16. Kf1 Nxe3+ 17. fxe3 Qc7 18. Nxe7+ Qxe7 19. Qh5 g6 20. Qg5 f6 21. Qg3 e5 22. dxe5 fxe5+ 23. Ke2 e4 24. Raf1 Kg7 25. Rxf8 Rxf8 26. Rf1 Rxf1 27. Kxf1 Qf6+ 28. Qf2 Qe6 29. Bd1 a5 30. Kg2 Qe7 31. Qf4 b4 32. axb4 axb4 33. Ba4 bxc3 34. bxc3 Qa3 35. Qe5+ Kh6 36. Bc6 Qb2+ 37. Kg3 Qe2 38. Qf4+ Kg7 39. Bxd5 Qe1+ 40. Qf2 Qxc3 41. Qf7+ Kh6 42. Kf4 Qg7 43. Qxg7+ Kxg7 44. Bxc4 Kf6 45. Bd5 h6 46. Bxe4 g5+ 47. hxg5+ hxg5+ 48. Kg4 Ke5 49. Bf5 Kf6 50. e4 Ke5 51. Kxg5 1-0

[Event "FIDE Open Sachove Univerzity QCC"]
[Site "Ceske Budejovice"]
[Date "2020.07.07"]
[Round "7.27"]
[White "Smola, David"]
[Black "Klimes, Roman"]
[Result "1-0"]
[ECO "C50"]
[WhiteElo "1649"]
[BlackElo "1349"]
[Annotator "NA"]
[PlyCount "61"]
[EventDate "2020.07.01"]
[EventType "swiss"]
[EventCountry "CZE"]
[SourceTitle "playchess.com"]
[Source "ChessBase"]
[SourceQuality "1"]
[TimeControl "40/5400+30:1800+30"]

1. e4 e5 2. Nf3 Nc6 3. Bc4 Nf6 4. d3 Bc5 5. Bg5 h6 6. Bh4 g5 7. Bg3 d6 8. h3 Qe7 9. Nbd2 Be6 10. Bb5 Bd7 11. Qe2 O-O-O 12. O-O-O Nb4 13. Bxd7+ Qxd7 14. a3 Nc6 15. Nb3 Nd4 16. Nfxd4 Bxd4 17. Nxd4 exd4 18. f4 gxf4 19. Bh4 Qe6 20. Qf2 Rdg8 21. Qxd4 Nd7 22. Rdf1 Rh7 23. Rhg1 Rhg7 24. Rxf4 Qe5 25. Qxe5 dxe5 26. Rf2 Nc5 27. Bf6 Rg3 28. Bxe5 Rxd3 29. Rxf7 Re8 30. Rxc7+ Kd8 31. Rxc5 1-0

[Event "FIDE Open Sachove Univerzity QCC"]
[Site "Ceske Budejovice"]
[Date "2020.07.07"]
[Round "7.28"]
[White "Vavrousek, Petr"]
[Black "Vojtek, Pavel"]
[Result "1/2-1/2"]
[ECO "C87"]
[WhiteElo "1598"]
[BlackElo "1295"]
[Annotator "NA"]
[PlyCount "58"]
[EventDate "2020.07.01"]
[EventType "swiss"]
[EventCountry "CZE"]
[SourceTitle "playchess.com"]
[Source "ChessBase"]
[SourceQuality "1"]
[TimeControl "40/5400+30:1800+30"]

1. e4 e5 2. Nf3 Nc6 3. Bb5 d6 4. O-O Bd7 5. c3 a6 6. Ba4 Nf6 7. Re1 Be7 8. d4 exd4 9. cxd4 O-O 10. h3 d5 11. e5 Ne8 12. Nc3 b5 13. Bc2 Bc8 14. Be3 f6 15. Nxd5 Na5 16. Nxe7+ Qxe7 17. exf6 Qxf6 18. Bg5 Qf7 19. b4 Nc4 20. Be7 Ned6 21. Bxf8 Qxf8 22. Ne5 Bb7 23. Bb3 Ne4 24. Qc2 Kh8 25. Bxc4 bxc4 26. Qxc4 Qxf2+ 27. Kh2 Qg3+ 28. Kg1 Qf2+ 29. Kh2 Qg3+ 1/2-1/2

[Event "FIDE Open Sachove Univerzity QCC"]
[Site "Ceske Budejovice"]
[Date "2020.07.07"]
[Round "7.29"]
[White "Policar, Martin"]
[Black "Martirosyan, David"]
[Result "1/2-1/2"]
[ECO "B21"]
[WhiteElo "1258"]
[BlackElo "1555"]
[Annotator "NA"]
[PlyCount "86"]
[EventDate "2020.07.01"]
[EventType "swiss"]
[EventCountry "CZE"]
[SourceTitle "playchess.com"]
[Source "ChessBase"]
[SourceQuality "1"]
[TimeControl "40/5400+30:1800+30"]

1. e4 c5 2. d4 cxd4 3. c3 dxc3 4. Nxc3 Nc6 5. Nf3 d6 6. Bf4 a6 7. e5 dxe5 8. Qxd8+ Nxd8 9. Nxe5 e6 10. O-O-O Nf6 11. Rxd8+ Kxd8 12. Nxf7+ Ke7 13. Nxh8 Bd7 14. Bg5 g6 15. Ne4 Bg7 16. Nxg6+ hxg6 17. Be2 Bc6 18. Nxf6 Bxf6 19. Bxf6+ Kxf6 20. f3 Rc8 21. Kd2 Bd5 22. a3 Rc6 23. Rc1 Rb6 24. b4 Rd6 25. Ke3 Bc6 26. Rd1 Bd5 27. g4 Rc6 28. Kd4 Rc2 29. Ke3 Ra2 30. Rd3 Bc4 31. Rd2 Rxa3+ 32. Kf4 g5+ 33. Kg3 Bd5 34. Rd3 Ra2 35. Re3 Rb2 36. h4 gxh4+ 37. Kxh4 Rxb4 38. Kh5 Rb1 39. g5+ Kf5 40. Bd3+ Kf4 41. Bxb1 Kxe3 42. g6 e5 43. Be4 Bg8 1/2-1/2

[Event "FIDE Open Sachove Univerzity QCC"]
[Site "Ceske Budejovice"]
[Date "2020.07.08"]
[Round "8.1"]
[White "Titera, Libor"]
[Black "Svetly, Jiri"]
[Result "1-0"]
[ECO "B07"]
[WhiteElo "1843"]
[BlackElo "1835"]
[Annotator "NA"]
[PlyCount "127"]
[EventDate "2020.07.01"]
[EventType "swiss"]
[EventCountry "CZE"]
[SourceTitle "playchess.com"]
[Source "ChessBase"]
[SourceQuality "1"]
[TimeControl "40/5400+30:1800+30"]

1. e4 d6 2. d4 Nf6 3. f3 g6 4. Be3 Bg7 5. Nc3 c6 6. Qd2 b5 7. Bh6 O-O 8. Bxg7 {[%emt 0:00:20] B07: Pirc Defence: Miscellaneous Systems.} Kxg7 9. Nge2 Nbd7 10. h4 h5 $1 11. g4 {[%emt 0:05:15] [#]} e5 $146 ({Predecessor:} 11... hxg4 12. fxg4 Nxg4 13. h5 Rh8 14. Rg1 Ndf6 15. hxg6 fxg6 16. Nf4 Qf8 17. Bh3 e5 18. Bxg4 Nxg4 19. dxe5 dxe5 {0-1 (63) Xin,R (1514)-Peters,T (1126) Schoenhagen 2009}) 12. g5 Ne8 13. Bh3 Nb6 14. b3 Bxh3 15. Rxh3 b4 16. Nd1 a5 17. Ne3 Nc7 18. c4 bxc3 (18... Qd7 $11 19. Rh1 Ne6) 19. Nxc3 (19. Qxc3 $11 Nb5 20. Qxc6 Nxd4 21. Nxd4 exd4 22. Nc4) 19... Ne6 20. d5 (20. Ne2 $15) 20... Nf4 21. Rh2 c5 22. Ne2 (22. Rb1 $15) 22... Nxe2 23. Qxe2 a4 24. Rb1 axb3 25. Rxb3 Na4 26. Qb5 Qa5+ 27. Qxa5 Rxa5 28. Nc4 Ra6 29. Rb7 Rd8 (29... Kg8 $142 30. Rg2 Nc3) 30. Rc2 Kf8 31. Kd2 Ke8 32. Rc1 Rd7 33. Rcb1 Ra7 34. Rxa7 Rxa7 35. Nxd6+ Kd8 36. Nc4 Kc7 37. Kd3 Ra6 38. a3 f6 39. d6+ Kc6 40. gxf6 Ra8 41. Rb3 Rf8 42. f7 Kd7 43. Rb7+ Ke6 44. Ra7 Rxf7 45. Rxf7 Kxf7 46. Nxe5+ Ke6 47. d7 Ke7 48. Nxg6+ Kxd7 49. Nf4 Nb2+ {[%emt 0:01:06] [#]} 50. Kc3 $1 Nd1+ 51. Kc4 Kc6 52. a4 Ne3+ 53. Kd3 Nd1 54. Nxh5 Nb2+ 55. Kc2 Nxa4 56. Ng3 Kd6 57. h5 Ke6 58. f4 (58. h6 $142 Kf7 59. e5) 58... c4 59. e5 Nc5 60. Kc3 Nd3 61. Ne2 (61. f5+ $142 Kxe5 62. h6 Kf4 63. Nh5+ Kg4 64. h7 Kg5 65. f6 Nb2 66. h8=Q) 61... Kf5 62. Kxc4 Nxe5+ 63. fxe5 Kxe5 64. Ng3 1-0

[Event "FIDE Open Sachove Univerzity QCC"]
[Site "Ceske Budejovice"]
[Date "2020.07.08"]
[Round "8.1"]
[White "Gorej, Vojtech"]
[Black "Policar, Martin"]
[Result "0-1"]
[ECO "B02"]
[WhiteElo "1395"]
[BlackElo "1258"]
[Annotator "NA"]
[PlyCount "62"]
[EventDate "2020.07.01"]
[EventType "swiss"]
[EventCountry "CZE"]
[SourceTitle "playchess.com"]
[Source "ChessBase"]
[SourceQuality "1"]
[TimeControl "40/5400+30:1800+30"]

1. e4 Nf6 2. e5 Nd5 3. c4 Nb6 4. d4 Nc6 5. d5 Nxe5 6. c5 Nbc4 7. f4 c6 8. fxe5 Nxe5 9. Nc3 g6 10. Bf4 Bg7 11. Bxe5 Bxe5 12. dxc6 bxc6 13. Nf3 Bg7 14. Qb3 Qc7 15. Bc4 O-O 16. O-O Rb8 17. Qc2 Qa5 18. Kh1 Qxc5 19. Bd3 d5 20. Na4 Qd6 21. Rae1 e5 22. Be2 Bf5 23. Qd2 Rb4 24. b3 e4 25. Nh4 e3 26. Qxe3 Rxh4 27. g3 Be4+ 28. Bf3 Qxg3 29. Re2 Bd4 30. Qxd4 Bxf3+ 31. Rxf3 Qxf3+ 0-1

[Event "FIDE Open Sachove Univerzity QCC"]
[Site "Ceske Budejovice"]
[Date "2020.07.08"]
[Round "8.2"]
[White "Hlavsa, Filip"]
[Black "Zelbova, Lada"]
[Result "1-0"]
[ECO "B24"]
[WhiteElo "1886"]
[BlackElo "1637"]
[Annotator "NA"]
[PlyCount "75"]
[EventDate "2020.07.01"]
[EventType "swiss"]
[EventCountry "CZE"]
[SourceTitle "playchess.com"]
[Source "ChessBase"]
[SourceQuality "1"]
[TimeControl "40/5400+30:1800+30"]

1. e4 c5 2. Nc3 e6 3. f4 a6 4. g3 d5 5. e5 Nc6 6. Bg2 g6 7. Nf3 Bg7 8. d3 Nge7 9. O-O h5 {[%emt 0:08:15] B24: Closed Sicilian: 3 g3 sidelines.} 10. h3 Nf5 11. Ne2 b5 12. Bd2 {[%emt 0:05:49] [#]} Bb7 $146 ({Predecessor:} 12... Qb6 13. c3 Bb7 14. Qe1 O-O-O 15. Qf2 d4 16. g4 hxg4 17. hxg4 Nh6 18. cxd4 Nxg4 {1-0 (62) Kovar,J (2045)-Bednar,M (2225) Prague 2010}) 13. Ng5 Bh6 14. Nf3 Bg7 15. Qc1 Rc8 16. Be1 d4 17. Bf2 Nb4 18. a3 Nd5 19. Ng5 Qc7 ({Black should play} 19... Qe7 $15) 20. Ne4 Kf8 (20... O-O $17) 21. Re1 Nde3 22. Bf3 Nd5 23. c3 Nde3 24. Qd2 Bxe4 25. Bxe4 Ke7 26. cxd4 cxd4 27. Rac1 Qd7 28. Qb4+ Kd8 29. Rxc8+ Kxc8 30. Qa5 Qa7 31. Rc1+ Kb8 32. Rc6 Nd5 33. Bxd5 exd5 34. Rxa6 Qc5 35. Ra8+ Kb7 36. Qa6+ Kc7 37. Ra7+ Kd8 38. Qb7 $18 1-0

[Event "FIDE Open Sachove Univerzity QCC"]
[Site "Ceske Budejovice"]
[Date "2020.07.08"]
[Round "8.3"]
[White "Svanda, Adam"]
[Black "Kotleska, Roman"]
[Result "0-1"]
[ECO "A34"]
[WhiteElo "1870"]
[BlackElo "1521"]
[Annotator "NA"]
[PlyCount "114"]
[EventDate "2020.07.01"]
[EventType "swiss"]
[EventCountry "CZE"]
[SourceTitle "playchess.com"]
[Source "ChessBase"]
[SourceQuality "1"]
[TimeControl "40/5400+30:1800+30"]

1. c4 c5 2. Nc3 b6 3. d4 cxd4 4. Qxd4 Bb7 5. Nf3 Nf6 6. b3 {[%emt 0:06:39] A34: Symmetrical English: 2 Nc3, lines with ...d5.} d6 7. Bb2 e6 8. e3 Be7 9. Be2 a6 10. O-O O-O {[%emt 0:03:44] [#]} 11. Rfd1 $146 ({Predecessor:} 11. Rac1 Nbd7 12. Qd1 Qc7 13. h3 Rac8 14. Re1 Qb8 15. Bf1 Qa8 16. Ba3 Nc5 17. Qe2 {0-1 (41) Scharapov,Y (1698)-Golubov,S (2476) Porto Carras 2018}) 11... Qc7 12. e4 Nbd7 13. Ne1 Nc5 14. f3 Rfd8 15. Rac1 d5 $1 16. Nxd5 ({Avoid the trap} 16. exd5 $2 {[#]} Nxb3 $1 {[%mdl 576] Clearance} 17. axb3 Bc5 $19) 16... exd5 17. cxd5 Qf4 18. b4 Na4 19. Nd3 Qd6 20. e5 Qxd5 21. exf6 Nxb2 22. Qxd5 Rxd5 23. Nxb2 Bxf6 24. Rc7 Rxd1+ 25. Nxd1 Bd5 26. Nc3 Be6 27. Ne4 Be5 28. Rc6 Bd5 29. Rc2 h6 30. a3 Kf8 31. g3 a5 32. b5 Ke7 33. Kf2 Rd8 34. Rd2 f5 35. f4 Ba1 36. Rd1 Bb2 37. Nd2 Bxa3 38. Nc4 Bc5+ 39. Ke1 Rd7 40. Ne5 Rd6 41. Nc4 Bb4+ 42. Kf2 Bxc4 43. Rxd6 Kxd6 44. Bxc4 Kc5 45. Bd3 (45. Be6 $142) 45... a4 46. Bc2 Kxb5 47. Ke2 Bc5 48. Bxf5 Kb4 49. Kd2 Kb3 50. Kc1 Bg1 51. h4 $2 (51. Bc2+ Ka3 52. Bd3) 51... Bh2 52. g4 Bxf4+ 53. Kb1 b5 54. Be6+ Ka3 55. Ka1 b4 56. Bf7 b3 57. Be6 Kb4 0-1

[Event "FIDE Open Sachove Univerzity QCC"]
[Site "Ceske Budejovice"]
[Date "2020.07.08"]
[Round "8.3"]
[White "Bastyr, Pavel"]
[Black "Komarek, Tobias"]
[Result "1-0"]
[ECO "D53"]
[WhiteElo "1439"]
[BlackElo "1246"]
[Annotator "NA"]
[PlyCount "131"]
[EventDate "2020.07.01"]
[EventType "swiss"]
[EventCountry "CZE"]
[SourceTitle "playchess.com"]
[Source "ChessBase"]
[SourceQuality "1"]
[TimeControl "40/5400+30:1800+30"]

1. d4 d5 2. c4 e6 3. Nc3 Nf6 4. Bg5 Be7 5. Nf3 h6 6. Bf4 a6 7. Ne5 Nbd7 8. e3 O-O 9. Be2 c5 10. dxc5 Nxc5 11. cxd5 Nxd5 12. Nxd5 Qxd5 13. Bf3 Qxd1+ 14. Rxd1 Rd8 15. O-O f6 16. Ng6 Kf7 17. Nxe7 Kxe7 18. Rxd8 Kxd8 19. Rd1+ Nd7 20. Bd6 Ra7 21. Bf8 g6 22. Bxh6 b5 23. Bf4 e5 24. Bg3 Rc7 25. Be4 g5 26. Bf5 Ke7 27. f4 gxf4 28. exf4 exf4 29. Bxf4 Rc4 30. Bd6+ Kf7 31. b3 Rh4 32. Bg3 Rh5 33. Bxd7 Bxd7 34. Rxd7+ Ke6 35. Rd6+ Ke7 36. Rxa6 Rd5 37. Ra7+ Ke6 38. Ra6+ Ke7 39. Be1 Re5 40. Bc3 Rf5 41. Bb4+ Kd7 42. Rd6+ Kc7 43. Rd3 Kc6 44. Bc3 Kc5 45. Rf3 Rd5 46. Rxf6 b4 47. Ba1 Rd1+ 48. Rf1 Rd5 49. Rc1+ Kb5 50. Bf6 Rf5 51. Rf1 Rd5 52. h4 Rd2 53. Rf2 Rd1+ 54. Kh2 Rd5 55. Kh3 Rd3+ 56. Kg4 Rd6 57. Kg5 Kc6 58. h5 Re6 59. h6 Rd6 60. h7 Re6 61. h8=Q Rd6 62. Qc8+ Kb6 63. Bd8+ Kb5 64. Rf5+ Rd5 65. Qb7+ Kc5 66. Qxd5# 1-0

[Event "FIDE Open Sachove Univerzity QCC"]
[Site "Ceske Budejovice"]
[Date "2020.07.08"]
[Round "8.4"]
[White "Berka, Lubos"]
[Black "Chval, Petr"]
[Result "0-1"]
[ECO "B26"]
[WhiteElo "1718"]
[BlackElo "1926"]
[Annotator "ChessBase"]
[PlyCount "62"]
[EventDate "2020.07.01"]
[EventType "swiss"]
[EventCountry "CZE"]
[SourceTitle "playchess.com"]
[Source "ChessBase"]
[SourceQuality "1"]
[TimeControl "40/5400+30:1800+30"]

1. e4 c5 2. Nc3 e6 3. g3 Nc6 4. Bg2 g6 5. Nge2 Bg7 6. O-O Nge7 7. d3 O-O 8. Be3 Nd4 9. Qd2 d6 10. f4 Rb8 11. a3 b6 12. g4 Nxe2+ 13. Qxe2 f5 14. exf5 exf5 15. g5 d5 16. Bf2 d4 17. Rae1 Kf7 18. Nd1 Nd5 19. c4 Nxf4 20. Bd5+ Nxd5 21. cxd5 Qxd5 22. Qe7+ Kg8 23. Bg3 Bb7 24. Qe6+ Qxe6 25. Rxe6 Rbe8 26. Rfe1 Kf7 27. Rxe8 Rxe8 28. Rxe8 Kxe8 29. Bb8 Kd7 30. Bxa7 Kc7 31. a4 Bf3 0-1

[Event "FIDE Open Sachove Univerzity QCC"]
[Site "Ceske Budejovice"]
[Date "2020.07.08"]
[Round "8.4"]
[White "Krautschneider, Daniel Jan"]
[Black "Skalicky, Jindrich"]
[Result "1-0"]
[ECO "B47"]
[WhiteElo "1374"]
[BlackElo "1165"]
[Annotator "NA"]
[PlyCount "85"]
[EventDate "2020.07.01"]
[EventType "swiss"]
[EventCountry "CZE"]
[SourceTitle "playchess.com"]
[Source "ChessBase"]
[SourceQuality "1"]
[TimeControl "40/5400+30:1800+30"]

1. e4 c5 2. Nf3 e6 3. d4 cxd4 4. Nxd4 Nc6 5. Nc3 Qc7 6. Ndb5 Qb8 7. Be3 a6 8. Nd4 Be7 9. Qd2 Nf6 10. O-O-O O-O 11. f3 Rd8 12. g4 Ne8 13. h4 Nxd4 14. Bxd4 b5 15. g5 Bb4 16. Qe3 Bb7 17. h5 Bxc3 18. Bxc3 Qc7 19. Qd2 Qc6 20. g6 h6 21. gxf7+ Kxf7 22. Qf4+ Ke7 23. Rg1 Rdc8 24. Bd3 a5 25. Bxg7 Nxg7 26. Rxg7+ Kd8 27. Rg8+ Ke7 28. Qh4+ Kd6 29. Bxb5+ Kc7 30. Bxc6 Bxc6 31. Rxc8+ Rxc8 32. Qf4+ Kb6 33. Qxh6 Rg8 34. Qh7 Rg2 35. Qg6 Rh2 36. h6 Ba4 37. b3 Bb5 38. c4 Bxc4 39. bxc4 Rxa2 40. Rxd7 Kc5 41. Qxe6 Kb4 42. Rd3 Kc5 43. Qd6+ 1-0

[Event "FIDE Open Sachove Univerzity QCC"]
[Site "Ceske Budejovice"]
[Date "2020.07.08"]
[Round "8.5"]
[White "Valtr, Filip"]
[Black "Kanka, Lukas"]
[Result "1-0"]
[ECO "B42"]
[WhiteElo "1784"]
[BlackElo "1667"]
[Annotator "NA"]
[PlyCount "51"]
[EventDate "2020.07.01"]
[EventType "swiss"]
[EventCountry "CZE"]
[SourceTitle "playchess.com"]
[Source "ChessBase"]
[SourceQuality "1"]
[TimeControl "40/5400+30:1800+30"]

1. e4 c5 2. Nf3 e6 3. d4 cxd4 4. Nxd4 a6 5. Bd3 Qc7 6. O-O Nc6 7. Nxc6 dxc6 8. Qe2 Bd6 9. h3 b5 10. c4 b4 11. Be3 c5 12. Nd2 a5 13. f4 e5 14. fxe5 Bxe5 15. Nb3 a4 16. Nxc5 Ra5 17. Qf2 Nf6 18. Rad1 Bg3 19. Qd2 Rxc5 20. Qxb4 Rh5 21. Bb6 Bd6 22. Qxa4+ Qd7 23. Qc2 Ng4 24. Be2 Ne3 25. Bxe3 Rxh3 26. e5 1-0

[Event "FIDE Open Sachove Univerzity QCC"]
[Site "Ceske Budejovice"]
[Date "2020.07.08"]
[Round "8.5"]
[White "Klimes, Roman"]
[Black "Stavova, Marketa"]
[Result "1-0"]
[ECO "C50"]
[WhiteElo "1349"]
[BlackElo "1219"]
[Annotator "NA"]
[PlyCount "51"]
[EventDate "2020.07.01"]
[EventType "swiss"]
[EventCountry "CZE"]
[SourceTitle "playchess.com"]
[Source "ChessBase"]
[SourceQuality "1"]
[TimeControl "40/5400+30:1800+30"]

1. e4 e5 2. Nf3 Nc6 3. Bc4 Nf6 4. d3 Bc5 5. Bg5 h6 6. Bh4 d6 7. Nc3 Be6 8. Nd5 Bxd5 9. Bxd5 g5 10. Bg3 Nxd5 11. exd5 Nb4 12. c4 f5 13. h3 f4 14. Bh2 Qe7 15. O-O h5 16. d4 g4 17. dxc5 gxf3 18. Qa4+ Qd7 19. Qxb4 fxg2 20. Rfe1 dxc5 21. Rxe5+ Kd8 22. Qxb7 Rc8 23. Rae1 Qxh3 24. Qc6 Qd7 25. Qf6+ Qe7 26. Qxe7# 1-0

[Event "FIDE Open Sachove Univerzity QCC"]
[Site "Ceske Budejovice"]
[Date "2020.07.08"]
[Round "8.6"]
[White "Sobotka, Radim"]
[Black "Tajovsky, Simon"]
[Result "1-0"]
[ECO "A03"]
[WhiteElo "1764"]
[BlackElo "1594"]
[Annotator "NA"]
[PlyCount "45"]
[EventDate "2020.07.01"]
[EventType "swiss"]
[EventCountry "CZE"]
[SourceTitle "playchess.com"]
[Source "ChessBase"]
[SourceQuality "1"]
[TimeControl "40/5400+30:1800+30"]

1. f4 d5 2. Nf3 Nf6 3. b3 e6 4. Bb2 c5 5. e3 Nc6 6. Bb5 Be7 7. O-O O-O 8. Bxc6 bxc6 9. d3 Ba6 10. c4 Qc7 11. Qe1 Nd7 12. Nbd2 Bf6 13. Bxf6 Nxf6 14. Qh4 Nd7 15. f5 exf5 16. Ng5 h6 17. Rxf5 hxg5 18. Rxg5 g6 19. Rf1 Kg7 20. Rf3 Rh8 21. Rxg6+ Kxg6 22. Qg4+ Kh7 23. Rh3# 1-0

[Event "FIDE Open Sachove Univerzity QCC"]
[Site "Ceske Budejovice"]
[Date "2020.07.08"]
[Round "8.6"]
[White "Dobsinsky, Petr"]
[Black "Zezula, Matej"]
[Result "1-0"]
[ECO "D02"]
[WhiteElo "1248"]
[BlackElo "1125"]
[Annotator "NA"]
[PlyCount "85"]
[EventDate "2020.07.01"]
[EventType "swiss"]
[EventCountry "CZE"]
[SourceTitle "playchess.com"]
[Source "ChessBase"]
[SourceQuality "1"]
[TimeControl "40/5400+30:1800+30"]

1. Nf3 d5 2. d4 Nf6 3. g3 Bg4 4. Bg2 e6 5. b3 Bd6 6. Bb2 O-O 7. O-O Nbd7 8. Nbd2 c6 9. c4 b6 10. Rc1 Re8 11. Qc2 e5 12. cxd5 cxd5 13. Qc6 Qe7 14. Qa4 e4 15. Nh4 Qe6 16. e3 Bh3 17. Rfe1 g5 18. Bxh3 Qxh3 19. Ng2 Rad8 20. Qb5 Ng4 21. Nf1 h5 22. Qxd5 Be7 23. Qf5 h4 24. Re2 hxg3 25. fxg3 Kg7 26. d5+ Bf6 27. Bxf6+ Ndxf6 28. Rc6 Rh8 29. Qxg5+ Kf8 30. Nf4 Qh7 31. Rxf6 Nxf6 32. Qxf6 Re8 33. Ne6+ Kg8 34. Qg5+ Qg6 35. Qxg6+ fxg6 36. Rd2 Kf7 37. Nc7 Re7 38. Rf2+ Kg7 39. Ne6+ Kh7 40. Ng5+ Kg7 41. Ne6+ Kh7 42. Rf4 Rd7 43. Nf8+ 1-0

[Event "FIDE Open Sachove Univerzity QCC"]
[Site "Ceske Budejovice"]
[Date "2020.07.08"]
[Round "8.7"]
[White "Rychlik, Zdenek"]
[Black "Molnar, Ladislav"]
[Result "1/2-1/2"]
[ECO "C01"]
[WhiteElo "1701"]
[BlackElo "1712"]
[Annotator "NA"]
[PlyCount "55"]
[EventDate "2020.07.01"]
[EventType "swiss"]
[EventCountry "CZE"]
[SourceTitle "playchess.com"]
[Source "ChessBase"]
[SourceQuality "1"]
[TimeControl "40/5400+30:1800+30"]

1. e4 e6 2. d4 d5 3. exd5 exd5 4. c4 Nf6 5. Nc3 Be6 6. c5 c6 7. Bd3 Be7 8. Nge2 O-O 9. Bd2 h6 10. b4 a6 11. a4 Qc8 12. a5 Bf5 13. Qc2 Bxd3 14. Qxd3 Nh7 15. O-O Re8 16. Ng3 Nd7 17. Rfe1 Ndf8 18. Re2 Bg5 19. Rae1 Rxe2 20. Rxe2 Bxd2 21. Qxd2 Qd7 22. Nd1 Re8 23. Rxe8 Qxe8 24. Nf5 Nf6 25. f3 Ne6 26. Nd6 Qd7 27. Ne3 Ne8 28. Nxe8 1/2-1/2

[Event "FIDE Open Sachove Univerzity QCC"]
[Site "Ceske Budejovice"]
[Date "2020.07.08"]
[Round "8.8"]
[White "Simacek, Vaclav"]
[Black "Frnoch, Vojtech"]
[Result "1-0"]
[ECO "C15"]
[WhiteElo "1816"]
[BlackElo "1597"]
[Annotator "NA"]
[PlyCount "63"]
[EventDate "2020.07.01"]
[EventType "swiss"]
[EventCountry "CZE"]
[SourceTitle "playchess.com"]
[Source "ChessBase"]
[SourceQuality "1"]
[TimeControl "40/5400+30:1800+30"]

1. e4 e6 2. d4 d5 3. Nc3 Bb4 4. Qg4 Qf6 {[%emt 0:01:31] [#]} 5. Bd3 $146 ({Predecessor:} 5. e5 Qg6 6. Qxg6 fxg6 7. Bd2 Ne7 8. Nf3 O-O 9. O-O-O Bd7 10. a3 Bxc3 11. Bxc3 Nf5 12. g4 {0-1 (49) Ntolo,D-Yavo Tchetche,M (1393) Hammamet 2019}) 5... Qg6 6. Qf3 {[%emt 0:02:05] C15: French: 3 Nc3 Bb4: Unusual White 4th moves.} h5 (6... Qf6 $16 {was called for.}) 7. Nge2 Qg4 8. Qe3 dxe4 9. Bxe4 f5 10. Bf3 Qh4 11. Nf4 Ne7 12. Nxe6 Na6 $2 (12... Bxe6 13. Bxb7 (13. Qxe6 Nbc6 $16) 13... Nbc6) 13. Nf4 Kf7 14. g3 Qg5 15. h4 Qf6 16. Nxh5 Qd6 17. O-O Bxc3 18. bxc3 Re8 19. Qd3 g6 20. Nf4 c6 21. Nh3 Bd7 22. Bf4 Qa3 23. h5 Rh8 24. h6 Kf8 25. Rfe1 Re8 26. Ng5 Nd5 27. Rxe8+ Kxe8 28. Re1+ Kf8 29. Bxd5 cxd5 $11 30. Ne6+ (30. Qe3 $142 Rxh6 31. Qe5 Rh1+ 32. Kxh1 Kg8 33. Qxd5+ {[%mdl 64] Double Attack} Be6 34. Qxe6+ {[%mdl 64] Double Attack} Kg7 35. Qf7+ {[%mdl 64] Double Attack} Kh8 36. Qh7#) 30... Kf7 31. Ng5+ Kf6 32. Qe3 1-0

[Event "FIDE Open Sachove Univerzity QCC"]
[Site "Ceske Budejovice"]
[Date "2020.07.08"]
[Round "8.8"]
[White "Day, Sophia Olivia"]
[Black "Jilek, Pavel"]
[Result "1-0"]
[ECO "C41"]
[WhiteElo "1099"]
[BlackElo "1234"]
[Annotator "NA"]
[PlyCount "105"]
[EventDate "2020.07.01"]
[EventType "swiss"]
[EventCountry "CZE"]
[SourceTitle "playchess.com"]
[Source "ChessBase"]
[SourceQuality "1"]
[TimeControl "40/5400+30:1800+30"]

1. e4 e5 2. Nf3 d6 3. Nc3 c6 4. d4 Bg4 5. Be2 Be7 6. dxe5 Bxf3 7. Bxf3 dxe5 8. Qxd8+ Bxd8 9. O-O Nf6 10. Be3 b6 11. Rad1 O-O 12. h4 h6 13. Be2 Nfd7 14. f4 Bxh4 15. Bg4 Nf6 16. Bh3 Na6 17. fxe5 Nh5 18. e6 Bf6 19. exf7+ Kh8 20. Be6 Nb4 21. Rd2 Rad8 22. a3 Rxd2 23. Bxd2 Nxc2 24. e5 Bxe5 25. Rf5 Bd4+ 26. Kh2 Nf6 27. Bb3 Ne3 28. Rf4 Be5 29. Bxe3 Ng4+ 30. Kh3 Nxe3 31. Re4 g6 32. Rxe5 Nf5 33. g4 Nd6 34. g5 h5 35. Re6 Nxf7 36. Rxg6 Ne5 37. Rh6+ Kg7 38. Rxh5 Kg6 39. Rh4 Kxg5 40. Ne4+ Kf5 41. Kg3 Rd8 42. Rf4+ Kg6 43. Rf6+ Kg7 44. Kf4 Ng6+ 45. Kg5 Ne5 46. Nd6 Nf3+ 47. Rxf3 Rxd6 48. Rf7+ Kh8 49. Rf8+ Kg7 50. Rg8+ Kh7 51. Rf8 a5 52. Rf6 Rd3 53. Bc2 1-0